 Dungeon Crawl Stone Soup version 0.32-a0-975-g85d4e5bfdb (webtiles) character file.

Game seed: 11924613999238448578

153 funkygono the Firebug (level 5, -2/28 HPs)
             Began as a Gargoyle Fire Elementalist on Apr 18, 2024.
             Was an Initiate of Vehumet.
             Slain by a steam dragon (9 damage)
             ... on level 4 of the Dungeon.
             The game lasted 00:04:04 (3492 turns).

funkygono the Firebug (Gargoyle Fire Elementalist)  Turns: 3492, Time: 00:04:06

Health: -2/28      AC:  6    Str: 18    XL:     5   Next: 35%
Magic:  5/9        EV: 11    Int: 17    God:    Vehumet [......]
Gold:   46         SH:  0    Dex: 10    Spells: 3/10 levels left

rFire   . . .        d - +0 whip
rCold   . . .        (no shield)
rNeg    + . .        a - +0 robe
rPois   ∞            (no helmet)
rElec   +            s - scarf {harm}
rCorr   .            (no gloves)
SInv    .            (no boots)
Will    .....        (no amulet)
Stlth   ++           r - +6 ring of strength
HPRegen 0.24/turn    (no ring)
MPRegen 0.11/turn

%: harm (+30% outgoing, +20% incoming)
@: no status effects
A: sickness immunity, AC +4, negative energy resistance 1, electricity
resistance, torment resistance 1, petrification resistance
a: Renounce Religion


You were on level 4 of the Dungeon.
You worshipped Vehumet.
Vehumet was noncommittal.
You visited 1 branch of the dungeon, and saw 4 of its levels.

You collected 270 gold pieces.
You spent 224 gold pieces at shops.

Inventory:

Hand Weapons
 d - a +0 whip (weapon)
Armour
 a - a +0 robe (worn)
 s - a scarf of harm (worn)
 v - a +0 cloak
 w - a +0 pair of boots
Magical Staves
 e - a staff of alchemy
Jewellery
 q - a ring of ice
 r - a +6 ring of strength (left hand)
Wands
 n - a wand of flame (27)
 t - a wand of charming (8)
Scrolls
 c - 2 scrolls of brand weapon {unknown}
 f - 2 scrolls of identify {unknown}
 j - 2 scrolls of revelation {unknown}
 l - a scroll of amnesia {unknown}
 m - 3 scrolls of teleportation {unknown}
 o - a scroll of summoning {unknown}
 u - a scroll of fog {unknown}
Potions
 b - a potion of magic
 g - 2 potions of curing {unknown}
 h - a potion of lignification {unknown}
 i - a potion of degeneration {unknown}
 k - 4 potions of mutation {unknown}
 p - a potion of attraction {unknown}


   Skills:
 + Level 0.2 Maces & Flails
 + Level 1.8 Dodging
 - Level 2.1 Stealth
 + Level 0.2 Unarmed Combat
 + Level 3.2 Spellcasting
 + Level 2.6 Conjurations
 + Level 4.3 Fire Magic


You had 3 spell levels left.
You knew the following spells:

 Your Spells              Type           Power      Damage    Failure   Level
a - Foxfire               Conj/Fire      56%        2x1d6     4%          1
b - Scorch                Fire           34%        2d6       4%          2
c - Flame Wave            Conj/Fire      14%        2d6       38%         4

Your spell library contained the following spells:

 Spells                   Type           Power      Damage    Failure   Level
 Shock                    Conj/Air       28%        1d4       10%         1
 Sting                    Conj/Alch      28%        1d4       10%         1
 Necrotise                Necr           8%         1d4       17%         1
 Inner Flame              Hex/Fire       10%        N/A       22%         3
 Volatile Blastmotes      Fire/Tloc      20%        2d11      22%         3
 Mercury Vapours          Alch/Air       4%         N/A       26%         2
 Hailstorm                Conj/Ice       7%         3d5       30%         3
 Summon Ice Beast         Ice/Summ       2%         N/A       45%         3
 Swiftness                Air            2%         N/A       45%         3
 Airstrike                Air            1%         2d(1-17)  86%         4
 Olgreb's Toxic Radiance  Alch           2%         N/A       86%         4
 Permafrost Eruption      Ice/Erth       1%         2x4d1     100%        6
 Sculpt Simulacrum        Ice/Alch       1%         N/A       100%        6


Dungeon Overview and Level Annotations

Branches:
Dungeon (4/15)
 Temple: D:4-7

Altars:
Kikubaaqudgha
Sif Muna
Vehumet

Shops:
D:4 [


Innate Abilities, Weirdness & Mutations

You are immune to sickness and miasma.
Your stone body is resilient. (AC +4)
You are immune to poison.
You resist negative energy. (rN+)
You are resistant to electric shocks. (rElec)
You are resistant to unholy torment.
You are immune to petrification.


Message History

The endoplasm freezes you.
You are frozen.
You hit the endoplasm.
The endoplasm is heavily wounded.
The endoplasm closely misses you.
You hit the endoplasm.
You kill the endoplasm!
Vehumet accepts your kill.
g - 2 black potions (gained 1)
You open the door.
Found a robe.
Found Hopiquf's Antique Armour Shoppe.
There is an open door here.
There is an entrance to Hopiquf's Antique Armour Shoppe here.
v - a +0 cloak;
w - a +0 pair of boots Thank you for shopping at Hopiquf's Antique Armour Shoppe!
You can access your shopping list by pressing '$'.
You open the door. You open the door.
There is an open door here.
There is an open door here.
You open the door.
There is an open door here.
A steam dragon comes into view.
Casting: Foxfire (safe; 4% risk of failure)
Confirm with . or Enter, or press ? or * to list all spells.
Flames lash the steam dragon.
The steam dragon hisses angrily.
The steam dragon is moderately wounded.
The steam dragon's fire resistance burns away.
The steam dragon breathes steam at you. The ball of steam hits you!
Ouch! That really hurt!
Casting: Scorch (safe; 4% risk of failure)
Confirm with . or Enter, or press ? or * to list all spells.
Flames lash the steam dragon.
The steam dragon is burned terribly!
The steam dragon is heavily wounded.
You are engulfed in a cloud of scalding steam.
* * * LOW HITPOINT WARNING * * *
The steam dragon bites you!
You die...

##########.#####.#
#.###.####.#
................#....#
#.# #.#
##############.###.###
#.# #.# # ##
##.####.####.### # #.#
##......#.....# # #.#
##.####..#.....# #
#.###.## #..........
#D#.## #...#.....#
#@## #...#.....# ###
#...#.##### #...#.#
#...#.#####
#..........
#.......)..
###.......... ##
#............ #....
#######.##.#.......


You could see a steam dragon (combustible).

Vanquished Creatures
  2 hounds (D:4)
  5 adders
  A dart slug (D:4)
  2 orcs
  2 bats (D:2)
  7 endoplasms
  3 hobgoblins
  3 quokkas
  5 ball pythons
  3 frilled lizards
  3 goblins
  8 kobolds
  A rat (D:2)
45 creatures vanquished.

Vanquished Creatures (collateral kills)
  A foxfire (D:3)
1 creature vanquished.

Vanquished Creatures (others)
  95 foxfires
95 creatures vanquished.

Grand Total: 141 creatures vanquished

Notes
Turn   | Place    | Note
-------+----------+-------------------------------------------
     0 | D:1      | funkygono the Gargoyle Fire Elementalist began the quest
                  | for the Orb.
     0 | D:1      | Reached XP level 1. HP: 10/10 MP: 3/3
   160 | D:1      | Reached XP level 2. HP: 14/15 MP: 0/5
   163 | D:1      | Learned a level 2 spell: Scorch
   776 | D:1      | Found a faded altar of an unknown god.
  1117 | D:2      | Reached XP level 3. HP: 19/19 MP: 3/6
  2274 | D:3      | Reached XP level 4. HP: 24/24 MP: 3/7
  2279 | D:3      | Learned a level 4 spell: Flame Wave
  2492 | D:3      | Reached skill level 4 in Fire Magic
  2784 | D:3      | Found a radiant altar of Vehumet.
  2784 | D:3      | Found an ancient bone altar of Kikubaaqudgha.
  2786 | D:3      | Found a shimmering blue altar of Sif Muna.
  2793 | D:3      | Became a worshipper of Vehumet
  2803 | D:3      | Got Kikubaaqudgha's Book of Malignant Arts
  2992 | D:4      | Reached XP level 5. HP: 24/28 MP: 0/9
  3437 | D:4      | Found Hopiquf's Antique Armour Shoppe.
  3442 | D:4      | Bought a cloak for 112 gold pieces
  3442 | D:4      | Bought a pair of boots for 112 gold pieces
  3490 | D:4      | Noticed a steam dragon
  3492 | D:4      | Slain by a steam dragon

Illustrated notes

Levels and vault maps discovered:
D:1:      mushboom_english_gardens, layout_loops_ring,
          shapermc_ecumenical_altar_pompeii
D:2:      layout_basic
D:3:      wad_lake_hut, layout_basic, grunt_temple_overflow_magic_moments
D:4:      layout_loops_ring, serial_shops, nicolae_shop_rolling_square

Skill      XL: |  1  2  3  4  5 |
---------------+----------------+-----
Conjurations   | 2 |  2.6
Fire Magic     | 4 |  4.3
Spellcasting   | 3 |  3.2
Maces & Flails | |  0.2
Dodging        | |  1.8
Stealth        | |  2.1
Unarmed Combat | |  0.2

Action                     |  1- 3 |  4- 6 || total
---------------------------+-------+-------++-------
  Melee: Unarmed           |     4 |       ||     4
         Whip              |     6 |     6 ||    12
   Cast: Foxfire           |    37 |    22 ||    59
         Scorch            |     4 |     8 ||    12
   Stab: Sleeping          |     1 |       ||     1
 Armour: Robe              |     7 |    12 ||    19
  Dodge: Dodged            |     8 |     7 ||    15

Table legend: (Time is in decaauts)
 A = Elapsed time spent in this place.
 B = Non-inter-level travel time spent in this place.
 C = Inter-level travel time spent in this place.
 D = Time resting spent in this place.
 E = Time spent auto-exploring this place.
 F = Levels seen in this place.
 G = Mean time per level.
                   A        B        C        D        E       F      G
               +--------+--------+--------+--------+--------+-----+--------+
         Total |   3523 |   3425 |     98 |      0 |   3102 |   4 |  880.8 |
       Dungeon |   3523 |   3425 |     98 |      0 |   3102 |   4 |  880.8 |
               +--------+--------+--------+--------+--------+-----+--------+

Top non-repeatable levels by time:
     D:2: 1093 daAuts
     D:1: 960 daAuts
     D:3: 823 daAuts
     D:4: 645 daAuts
